 Dungeon Crawl Stone Soup version bcrawl-1.21.3-16-g7f46a08de7 (webtiles) character file.

Game seed: 4431000752129905530

94459 Gogs the Unseen (level 16, -14/122 HPs)
             Began as a Kobold Berserker on Apr 25, 2020.
             Was a High Priest of Trog.
             Demolished by a wolf spider (26 damage)
             ... on level 2 of the Spider Nest on Apr 28, 2020.
             The game lasted 03:16:56 (32474 turns).

Gogs the Unseen (Kobold Berserker)                 Turns: 32474, Time: 03:16:57

Health: -14/122    AC: 20    Str: 15    XL:     16   Next: 60%
Magic:  5/5        EV: 29    Int:  9    God:    Trog [*****.]
Gold:   419        SH:  9    Dex: 21    Spells: 15/15 levels left

rFire    . . .     SeeInvis .   a - +9 quick blade (antimagic)
rCold    . . .     Gourm    .   G - +2 buckler
rNeg     . . .     Faith    +   z - +1 swamp dragon scales
rPois    +         Spirit   .   A - +2 helmet
rElec    .         Reflect  .   U - +2 cloak
rCorr    .         Harm     .   y - +2 pair of gloves
MR       +++++                  d - +2 pair of boots
Stlth    +++++++...             P - amulet of faith
HPRegen  1.30/turn              L - ring of protection from magic
MPRegen  0.09/turn              W - ring of protection from magic

@: lethally poisoned (-14 -> -15), berserk cooldown, regenerating, hasted and
slowed
A: small, talons 1, carnivore, mutation resistance 1
a: Berserk, Trog's Hand, Brothers in Arms, Renounce Religion


You were on level 2 of the Spider Nest.
You worshipped Trog.
Trog was extremely pleased with you.
You were very full.

You visited 4 branches of the dungeon, and saw 21 of its levels.

You collected 2298 gold pieces.
You spent 1879 gold pieces at shops.

Inventory:

Hand Weapons
 a - a +9 antimagic quick blade (weapon)
 b - a +2 hunting sling of flaming
 w - a +0 blowgun
Missiles
 f - 2755 stones
 g - 727 poisoned needles
 h - 2832 sling bullets
 k - 535 tomahawks (quivered)
 B - 25 needles of frenzy
 H - 100 curare-tipped needles
Armour
 d - a +2 pair of boots (worn)
 y - a +2 pair of gloves (worn)
 z - +1 swamp dragon scales (worn)
 A - a +2 helmet (worn)
 G - a +2 buckler (worn)
 Q - a +0 cloak of magic resistance
 U - a +2 cloak (worn)
Jewellery
 t - an uncursed ring of fire
 L - a ring of protection from magic (left hand)
 P - an amulet of faith (around neck)
 R - an uncursed ring of see invisible
 W - a ring of protection from magic (right hand)
 Z - the ring "Xapruarr" {rElec rPois}
   (You acquired it on level 4 of the Dungeon)

   [ring of poison resistance]

   It insulates you from electricity.
   It protects you from poison.
Wands
 n - a wand of iceblast (21)
 v - a wand of flame (45)
 D - a wand of polymorph (31)
 E - a wand of acid (50)
 N - a wand of digging (9)
 S - a wand of enslavement (20)
 V - a wand of paralysis (23)
Scrolls
 c - 5 scrolls of remove curse
 j - a scroll of magic mapping
 m - a scroll of silence
 p - 2 scrolls of immolation
 x - 5 scrolls of fear
 C - 3 scrolls of blinking
 I - a scroll of fog
 K - a scroll of enchant weapon
 O - 5 scrolls of teleportation
Potions
 i - 8 potions of curing
 l - 2 potions of lignification
 o - 4 potions of heal wounds
 r - a potion of agility
 s - 4 potions of mutation
 u - a potion of cancellation
 F - 2 potions of flight
 J - 3 potions of might
 T - 2 potions of haste
 X - a potion of resistance
Comestibles
 e - 45 rations {!d}
 q - 5 chunks of flesh


   Skills:
 + Level 15.3 Fighting
 - Level 14.0 Short Blades
 - Level 2.0 Armour
 * Level 18.2 Dodging
 + Level 18.6 Stealth
 - Level 5.6 Shields
 - Level 2.0 Evocations


You had 15 spell levels left.
You didn't know any spells.
Your spell library contained the following spells:

 Spells                   Type           Power        Failure   Level  Hunger
 Sandblast                Erth           #.....       61%         1    ##.....
 Flaming Arrows           Chrm/Fire      #.......     75%         2    ###....
 Ozocubu's Armour         Chrm/Ice       #.......     93%         3    ####...
 Petrify                  Tmut/Erth      #.......     100%        4    #####..
 Bolt of Draining         Conj/Necr      #.........   100%        5    ######.
 Piercing Shot            Chrm           #.........   100%        5    ######.
 Poison Arrow             Conj/Pois      #.........   100%        6    #######


Dungeon Overview and Level Annotations

Branches:
Dungeon (12/12)            Temple (0/1) D:4            Lair (6/6) D:7
 Shoals (0/3) Lair:2       Spider (2/3) Lair:4        Slime (0/5) Lair:5
    Orc (1/1) D:9             Elf (0/3) Orc          Vaults (0/3) D:11
 Depths (0/5) D:12

Altars:
Elyvilon
Fedhas
Gozag
Hepliaklqana
Kikubaaqudgha
Lugonu
Makhleb
Nemelex Xobeh
Qazlal
Ru
Trog
Uskayaw
Vehumet
Xom
Zin
Jiyva

Shops:
D:4 ?   D:5 !   D:9 [   Orc *!*:*:

Annotations:
D:8 3 runed translucent doors Orc 2 runed doors, exclusion: orange crystal statue


Innate Abilities, Weirdness & Mutations

You are small and have problems with some larger weapons.
You have sharp toenails.
You are carnivorous and can eat meat at any time.
You are somewhat resistant to further mutation.


Message History

You feel sick.
You barely miss the redback.
The moth of wrath goads something on!
You puncture the redback!
The redback is moderately wounded.
The redback completely misses you.
You puncture the redback!
The redback is severely wounded.
You feel sick.
You puncture the redback!
You kill the redback!
Trog accepts your kill.
You puncture the wolf spider!
The wolf spider is lightly wounded.
You feel sick.
You barely miss the wolf spider.
The wolf spider is lightly wounded.
You are no longer berserk.
You are exhausted.
You feel yourself slow down. The wolf spider hits you!!
You die...

###....##..#.# ###...
#.....####^#..##.<.#.
##.....# ###...##.†##
#.s##.## ##......#
####s^### #^....#..
#..#...### ##..###..
#....y##.## #..####^#
.......#.s...#
###.†..###
#.#.#.###@.^##
#....)## # ## #.#.#
#.^.##.†### #####
##[. #...## ###
###... #..^. ##.##
###


You could see a wolf spider (berserk), a moth of wrath and 2 redbacks.

Vanquished Creatures
  Kirke (Lair:3)
  An ettin (D:9)
  An ogre mage (D:12)
  7 hydras
  Erolcha (D:9)
  2 vault guards
  Psyche (D:11)
  3 centaur warriors
  7 death yaks
  7 two-headed ogres
  2 alligators (Lair:4)
  An orc high priest (D:9)
  Urug (Orc)
  Sonja (Lair:4)
  A swamp dragon (Lair:4)
  A necromancer (D:11)
  An orc knight (Orc)
  Pikel (D:5)
  2 cyclopes (D:12)
  5 orb spiders
  An ugly thing (D:12)
  3 wizards
  A wolf spider zombie (D:12)
  4 elephants
  3 orc sorcerers
  A deep elf mage (D:11)
  6 wolf spiders
  2 oklob plants (D:9)
  3 manticores
  A centaur zombie (D:11)
  Maurice (D:11)
  6 black mambas
  4 cane toads
  2 gargoyles (D:10)
  A torpor snail (Lair:4)
  A freezing wraith (D:12)
  2 yaktaurs
  2 rime drakes
  6 komodo dragons
  3 demonic crawlers
  6 polar bears (Lair:6)
  A meliai (shapeshifter) (D:12)
  5 trolls
  2 jumping spiders
  9 blink frogs
  8 hornets
  4 slime creatures
  Grinder (D:4)
  A meliai zombie (D:12)
  A dream sheep (Lair:1)
  11 hippogriffs
  A shadow (D:12)
  15 tarantellas
  19 redbacks
  13 spriggans
  A vampire (D:10)
  A wraith (D:12)
  A basilisk (Lair:5)
  37 yaks
  A steam dragon (Lair:3)
  3 wyverns
  4 hungry ghosts
  20 humans
  6 hogs
  The ghost of yrara the Skirmisher, an amateur DsFi (D:4)
  A warg (D:9)
  6 vampire mosquitoes (D:12)
  2 acid dragons
  2 swamp worms (Lair:4)
  13 crocodiles
  6 porcupines
  Duvessa (D:4)
  2 swamp drakes (Lair:4)
  7 water moccasins
  2 ice beasts
  24 orc warriors
  3 slaves
  A sky beast (D:12)
  3 black bears
  25 wolves
  An eye of draining (D:10)
  4 phantoms
  19 ogres
  A necrophage (D:8)
  25 centaurs
  4 boggarts (Lair:6)
  2 big kobolds
  11 bullfrogs
  2 gnoll sergeants
  A scorpion (D:5)
  2 electric eels (Lair:1)
  4 wights (D:5)
  2 howler monkeys
  9 crimson imps
  A bullfrog zombie (D:5)
  5 jellies
  A quasit (D:8)
  5 hounds
  2 orc priests
  12 orc wizards
  A centaur skeleton (D:6)
  A gnoll shaman (D:4)
  Ijyb (D:5)
  3 iguanas
  6 worker ants
  6 hell rats (Lair:5)
  A killer bee zombie (D:7)
  A hound zombie (D:7)
  Robin (D:4)
  8 gnolls
  12 adders
  3 shadow imps
  2 oozes
  An adder zombie (D:9)
  2 adder skeletons
  6 worms
  3 dart slugs (D:2)
  5 leopard geckos
  38 orcs
  A bat zombie (D:4)
  3 giant cockroaches
  14 goblins
  8 hobgoblins
  10 jackals
  4 quokkas
  6 bats
  2 frilled lizards
  19 kobolds
  8 rats
  A rat zombie (D:4)
  2 fungi
  3 plants
665 creatures vanquished.

Vanquished Creatures (collateral kills)
  A frost giant (D:12)
  A stone giant (D:12)
  2 centaur warriors
  7 death yaks (Lair:3)
  A polar bear (Lair:6)
  A spriggan (Lair:6)
  6 orc warriors
  An ogre (D:9)
  3 centaurs (Orc)
  A big kobold (D:9)
  2 gnoll sergeants (D:9)
  A gnoll (D:9)
  2 orcs (D:9)
29 creatures vanquished.

Vanquished Creatures (others)
  A crocodile (Lair:4)
  An orc (Orc)
  A quokka (D:8)
  7 fungi
  8 plants
18 creatures vanquished.

Grand Total: 712 creatures vanquished

Notes
Turn   | Place    | Note
-------+----------+-------------------------------------------
     0 | D:1      | Gogs the Kobold Berserker began the quest for the Orb.
     0 | D:1      | Reached XP level 1. HP: 16/16 MP: 1/1
   201 | D:1      | Reached skill level 1 in Stealth
   201 | D:1      | Reached XP level 2. HP: 21/21 MP: 2/2
   745 | D:2      | Reached XP level 3. HP: 23/26 MP: 3/3
  1417 | D:2      | Reached ** piety under Trog
  1502 | D:2      | Reached XP level 4. HP: 28/33 MP: 4/4
  1623 | D:2      | Reached skill level 1 in Shields
  1625 | D:2      | Found a corrupted altar of Lugonu.
  2001 | D:2      | Reached skill level 5 in Short Blades
  2201 | D:3      | Reached XP level 5. HP: 30/37 MP: 5/5
  2370 | D:3      | Found a stormy altar of Qazlal.
  2417 | D:3      | Found a hide-covered altar of Uskayaw.
  2417 | D:3      | Found a burning altar of Makhleb.
  2417 | D:3      | Found a blossoming altar of Fedhas.
  2419 | D:3      | Found a sparkling altar of Nemelex Xobeh.
  2506 | D:3      | Found a bloodstained altar of Trog.
  2846 | D:3      | Reached XP level 6. HP: 41/43 MP: 6/6
  3155 | D:3      | Noticed a moth of wrath
  3158 | D:3      | Found a bloodstained altar of Trog.
  3523 | D:4      | Found a transporter.
  3523 | D:4      | Found a transporter.
  3523 | D:4      | Noticed yrara's ghost (amateur DsFi)
  3562 | D:4      | Found a shimmering altar of Xom.
  3606 | D:4      | Reached *** piety under Trog
  3633 | D:4      | Noticed a phantom
  3660 | D:4      | Found a staircase to the Ecumenical Temple.
  3719 | D:4      | Killed a phantom
  3719 | D:4      | Reached XP level 7. HP: 19/49 MP: 7/7
  4057 | D:4      | Noticed Grinder
  4107 | D:4      | Found a radiant altar of Vehumet.
  4285 | D:4      | Noticed Duvessa
  4437 | D:4      | Found an ancient bone altar of Kikubaaqudgha.
  4492 | D:4      | Noticed Robin
  4536 | D:4      | Reached XP level 8. HP: 40/54 MP: 8/8
  4540 | D:4      | Found Uhulotu's Magic Scroll Shop.
  4548 | D:5      | Entered Level 5 of the Dungeon
  4565 | D:5      | Reached skill level 5 in Fighting
  4768 | D:5      | Noticed Ijyb
  4787 | D:5      | Killed Ijyb
  5002 | D:5      | Reached skill level 5 in Dodging
  5005 | D:5      | Got a dazzling spear
  5031 | D:5      | Reached skill level 5 in Stealth
  5043 | D:5      | Noticed Pikel
  5090 | D:4      | Killed Duvessa
  5217 | D:4      | Paralysed by Grinder for 3 turns
  5227 | D:4      | Killed Grinder
  5314 | D:4      | Killed Robin
  5547 | D:4      | Killed yrara's ghost
  5547 | D:4      | Reached XP level 9. HP: 11/62 MP: 9/9
  7108 | D:5      | Found an opulent altar of Gozag.
  7139 | D:5      | Found Vaorgh's Distillery.
  7182 | D:5      | Bought a potion of might for 44 gold pieces
  7182 | D:5      | Bought a potion of mutation for 88 gold pieces
  7253 | D:5      | Killed Pikel
  7253 | D:5      | Reached skill level 10 in Short Blades
  7253 | D:5      | Reached skill level 5 in Shields
  8105 | D:6      | Reached **** piety under Trog
  8266 | D:6      | Reached XP level 10. HP: 39/69 MP: 10/10
  8830 | D:7      | Found a staircase to the Lair.
  8831 | D:7      | Noticed a komodo dragon
  9279 | D:7      | Got a twisted ring mail
  9561 | D:7      | Killed a komodo dragon
  9683 | D:7      | Identified the cursed +1 ring mail of Fortification {Str+5
                  | Slay-4} (You found it on level 7 of the Dungeon)
  9871 | D:8      | Found a white marble altar of Elyvilon.
  9935 | D:8      | Found a glowing silver altar of Zin.
  9950 | D:8      | Found a runed translucent gate.
  9950 | D:8      | Found a runed translucent gate.
  9950 | D:8      | Found a runed translucent gate.
  9950 | D:8      | Noticed a glowing orange brain
  9950 | D:8      | Noticed a cyan ugly thing
  9950 | D:8      | Noticed a brown ugly thing
  9950 | D:8      | Noticed a brown ugly thing
 10008 | D:8      | Noticed a two-headed ogre
 10031 | D:7      | Killed a two-headed ogre
 10036 | D:7      | Reached ***** piety under Trog
 10339 | D:8      | Found a hazy altar of Hepliaklqana.
 10483 | D:8      | Reached XP level 11. HP: 77/77 MP: 11/11
 10997 | D:8      | Found an ancient bone altar of Kikubaaqudgha.
 11602 | D:8      | Reached skill level 10 in Stealth
 12031 | D:9      | Found a sacrificial altar of Ru.
 12151 | D:9      | Found a blossoming altar of Fedhas.
 12154 | D:9      | Noticed an oklob plant
 12154 | D:9      | Noticed an oklob plant
 12435 | D:9      | Found Veisch's Antique Armour Emporium.
 12442 | D:9      | Bought a cloak for 148 gold pieces
 12509 | D:9      | Found a staircase to the Orcish Mines.
 12627 | D:9      | Received a gift from Trog
 13042 | D:10     | Entered Level 10 of the Dungeon
 13130 | D:10     | Noticed a five-headed hydra
 13209 | D:10     | Killed a six-headed hydra
 13209 | D:10     | Reached XP level 12. HP: 85/85 MP: 4/12
 13340 | D:10     | Reached skill level 10 in Dodging
 13453 | D:10     | Noticed an eight-headed hydra
 13471 | D:10     | Killed an eight-headed hydra
 13807 | D:10     | Reached skill level 10 in Fighting
 14009 | Lair:1   | Entered Level 1 of the Lair of Beasts
 15395 | Lair:2   | Found a staircase to the Shoals.
 15685 | Lair:3   | Reached XP level 13. HP: 95/95 MP: 4/13
 15993 | Lair:3   | Noticed Kirke
 16016 | Lair:3   | Received a gift from Trog
 16143 | Lair:3   | Killed Kirke
 16297 | Lair:3   | Found a stormy altar of Qazlal.
 17486 | Lair:4   | Reached skill level 15 in Stealth
 17808 | Lair:3   | Reached XP level 14. HP: 104/104 MP: 4/14
 17963 | Lair:4   | Found a hole to the Spider Nest.
 17964 | Lair:4   | Noticed Sonja
 17968 | Lair:4   | Killed Sonja
 18474 | Lair:4   | HP: 5/106 [poison (poison gas)]
 19293 | Lair:5   | Found a viscous altar of Jiyva.
 19293 | Lair:5   | Found a staircase to the Slime Pits.
 19818 | Lair:5   | Got a smoking dagger
 20169 | Lair:6   | Entered Level 6 of the Lair of Beasts
 20303 | Lair:6   | Reached skill level 1 in Evocations
 20999 | Lair:6   | Received a gift from Trog
 21768 | Lair:6   | Reached skill level 15 in Dodging
 22448 | Lair:6   | Reached XP level 15. HP: 98/112 MP: 5/16
 23711 | D:11     | Identified Ts'ui Pên's Catalogue of Forking Paths
 23722 | D:11     | Identified Vehumet's Compendium of Sand
 23774 | D:11     | Identified Sif Muna's Papyrus of Plaster Cramp
 23831 | D:11     | Noticed Psyche
 23847 | D:11     | Killed Psyche
 23920 | D:11     | Received a gift from Trog
 24328 | D:11     | Noticed Maurice
 24334 | D:11     | Killed Maurice
 24777 | D:11     | Found a gate to the Vaults.
 25931 | D:12     | Entered Level 12 of the Dungeon
 26113 | D:12     | Found Baos's Weapon Boutique.
 26163 | D:12     | Found a blossoming altar of Fedhas.
 26468 | D:12     | Received a gift from Trog
 26731 | D:12     | Noticed a stone giant
 26739 | D:12     | Killed a stone giant
 27509 | D:12     | Found a staircase to the Depths.
 27509 | D:12     | Noticed a frost giant
 27525 | D:12     | Killed a frost giant
 27525 | D:12     | Reached XP level 16. HP: 110/120 MP: 5/17
 27701 | Orc      | Entered the Orcish Mines
 28387 | Orc      | Noticed Erolcha
 28464 | D:9      | Killed Erolcha
 28919 | Orc      | Received a gift from Trog
 28971 | Orc      | Got a faintly glowing dagger {god gift}
 28977 | D:9      | Identified the +3 dagger of Kindness {vamp, rElec rF++ rC+
                  | Str-4} (Trog gifted it to you in the Orcish Mines)
 29033 | Orc      | Found Aqai's Book Boutique.
 29296 | D:9      | Upgraded the game from bcrawl-1.21.3-2-g9d8a61a446 to
                  | bcrawl-1.21.3-16-g7f46a08de7
 29370 | D:9      | Reached skill level 15 in Fighting
 29678 | Orc      | Found a staircase to the Elven Halls.
 29689 | Orc      | Noticed Urug
 29722 | Orc      | Killed Urug
 29779 | Orc      | Found a runed door.
 29819 | Orc      | Found the +10 large shield of Ignorance {rN+ Int-4}
 29824 | Orc      | Found a runed door.
 29882 | Orc      | Found Vadafaru's Assorted Antiques.
 29910 | Orc      | Bought a scroll of teleportation for 84 gold pieces
 29910 | Orc      | Bought a scroll of teleportation for 84 gold pieces
 29910 | Orc      | Bought a potion of curing for 84 gold pieces
 29910 | Orc      | Bought a scroll of teleportation for 84 gold pieces
 30139 | Orc      | Found Doexixel's Book Shoppe.
 30139 | Orc      | Found Fagriqel's Assorted Antiques.
 30141 | Orc      | Found Estie's Distillery.
 30143 | Orc      | Found Canwir's General Store.
 30349 | Orc      | Bought a scintillating platinum amulet for 155 gold pieces
 30349 | Orc      | Identified the amulet of Saluo {Spirit +Fly} (You bought it
                  | in a shop in the Orcish Mines)
 30368 | Orc      | Bought a +2 buckler for 214 gold pieces
 30525 | D:4      | Bought a scroll of enchant weapon for 90 gold pieces
 30525 | D:4      | Bought a scroll of enchant armour for 90 gold pieces
 30525 | D:4      | Bought a scroll of enchant weapon for 90 gold pieces
 30525 | D:4      | Bought a scroll of acquirement for 624 gold pieces
 30525 | D:4      | Identified the +0 buckler "Voetz" {-Cast rCorr MP+9 Int-2}
                  | (You acquired it on level 4 of the Dungeon)
 30525 | D:4      | Identified the ring "Xapruarr" {rElec rPois} (You acquired
                  | it on level 4 of the Dungeon)
 30724 | Spider:1 | Entered Level 1 of the Spider Nest
 32227 | Spider:2 | Received a gift from Trog
 32474 | Spider:2 | Demolished by a wolf spider

Skill      XL: |  1  2  3  4  5  6  7  8  9 10 11 12 13 14 15 16 |
---------------+-------------------------------------------------+-----
Stealth        | 1 2 3 4 5 7 9 10 13 15 16 17 18 | 18.6
Dodging        | 3 4 5 6 8 9 11 13 15 17 18 | 18.2
Shields        | 1 2 3 4 5 |  5.6
Short Blades   | 5 6 7 9 10 12 14 | 14.0
Fighting       | 4 5 6 7 9 11 12 13 14 15 | 15.3
Evocations     | 2 |  2.0
Armour         | |  2.0

Action                   |  1- 3 |  4- 6 |  7- 9 | 10-12 | 13-15 | 16-18 || total
-------------------------+-------+-------+-------+-------+-------+-------++-------
Melee: Short sword       |    85 |       |       |       |       |       ||    85
       Kick              |    24 |     9 |       |       |       |       ||    33
       Rapier            |     3 |   284 |   436 |   993 |    50 |       ||  1766
       Quick blade       |       |       |       |       |  2276 |   761 ||  3037
Throw: Tomahawk          |       |       |       |    10 |     3 |    10 ||    23
Invok: Trog's Hand       |       |     2 |     1 |     1 |     1 |     1 ||     6
       Berserk           |       |     1 |     6 |     6 |     5 |     2 ||    20
       Brothers in Arms  |       |       |       |     3 |     9 |     4 ||    16
Evoke: Wand              |       |       |       |       |     2 |       ||     2
  Use: Scroll            |       |    13 |     5 |    10 |     8 |     9 ||    45
       Potion            |       |       |       |       |     1 |     2 ||     3
 Stab: Sleeping          |     5 |     4 |     3 |    24 |    44 |    11 ||    91
       Distracted        |       |       |       |     1 |     4 |     2 ||     7
  Eat: Chunk             |    10 |     8 |    22 |    40 |    46 |    23 ||   149
Armor: Animal skin       |     1 |       |       |       |       |       ||     1
       Leather armour    |     8 |    65 |    63 |    80 |       |       ||   216
       Skin              |       |       |     2 |       |       |       ||     2
       Troll leather arm |       |       |       |    47 |    37 |       ||    84
       Swamp dragon scal |       |       |       |       |   166 |   112 ||   278
Dodge: Dodged            |    56 |   176 |   316 |   567 |  1079 |   764 ||  2958
Block: Buckler           |     6 |    60 |   111 |   232 |   427 |   303 ||  1139
